 Dungeon Crawl Stone Soup version 0.22-a0-480-g991dd4b (webtiles) character file.

61 Laiders72 the Firebug (level 3, -2/26 HPs)
             Began as a Draconian Fire Elementalist on June 15, 2018.
             Slain by an orc
             ... wielding a +0 hand axe
              (3 damage)
             ... on level 2 of the Dungeon.
             The game lasted 00:07:58 (1837 turns).

Laiders72 the Firebug (Draconian Fire Elementalist) Turns: 1837, Time: 00:07:58

Health: -2/26      AC:  5    Str: 10    XL:     3   Next: 83%
Magic:  1/6        EV: 12    Int: 16    God:
Gold:   67         SH:  8    Dex: 11    Spells: 4/7 levels left

rFire    . . .     SeeInvis .   d - +0 short sword
rCold    . . .     Gourm    .   g - +1 buckler
rNeg     . . .     Faith    .   (armour unavailable)
rPois    .         Spirit   .   (helmet restricted)
rElec    .         Reflect  +   (no cloak)
rCorr    .         Harm     .   (no gloves)
MR       .....                  (no boots)
Stlth    ++........             a - +4 amulet of reflection
HPRegen  0.08/turn              (no ring)
MPRegen  0.10/turn              (no ring)

@: no status effects
A: unfitting armour, cold-blooded, AC +5
a: no special abilities


You were on level 2 of the Dungeon.
You were not hungry.

You visited 1 branch of the dungeon, and saw 2 of its levels.

You collected 67 gold pieces.

Inventory:

Hand Weapons
 d - a +0 short sword (weapon)
Armour
 g - a +1 buckler (worn)
Jewellery
 a - a +4 amulet of reflection (around neck)
Scrolls
 i - 2 scrolls of noise
Potions
 c - a potion of resistance
 l - a potion of brilliance {unknown}
 m - 2 potions of might
Comestibles
 b - 4 rations


   Skills:
 - Level 2.3 Dodging
 - Level 1.7 Stealth
 * Level 0.7 Shields
 + Level 2.5 Spellcasting
 + Level 2.0 Conjurations
 + Level 3.4 Fire Magic


You had 4 spell levels left.
You knew the following spells:

 Your Spells              Type           Power        Failure   Level  Hunger
a - Flame Tongue          Conj/Fire      ##...        10%         1    #......
b - Throw Flame           Conj/Fire      ##....       14%         2    ##.....

Your spell library contained the following spells:

 Spells                   Type           Power        Failure   Level  Hunger
 Fireball                 Conj/Fire      ##........   95%         5    ######.
 Conjure Flame            Conj/Fire      ##......     28%         3    ###....
 Sticky Flame             Conj/Fire      ##......     67%         4    #####..
 Inner Flame              Hex/Fire       #.......     41%         3    ###....


Dungeon Overview and Level Annotations

Branches:
Dungeon (2/15)

Altars:


Innate Abilities, Weirdness & Mutations

Your plain brown scales are hard. (AC +5)
You cannot fit into any form of body armour.
You are cold-blooded and may be slowed by cold attacks.


Message History

It was a scroll of noise.
You hear an angry hiss.
The orc priest misses you. The orc barely misses you.
As you read the scroll labeled IVVEGYSTEINY, it crumbles to dust.
You experience a momentary feeling of inescapable doom!
It was a scroll of random uselessness.
The orc priest closely misses you.
As you read the scroll labeled GAPNOO ASAUF, it crumbles to dust.
It is a scroll of enchant armour.
Your +0 buckler glows green for a moment.
The orc hits you with a hand axe.
* * * LOW HITPOINT WARNING * * *
The orc priest hits you but does no damage.
As you read the scroll labeled NAUKKI OK ZOM, it crumbles to dust.
You feel aware of your surroundings.
It was a scroll of magic mapping.
You block the orc's attack. The orc priest barely misses you.
As you read the scroll labeled FUNULL IDIREG, it crumbles to dust.
It is a scroll of amnesia.
Okay, then.
The orc hits you with a hand axe.
You die...

##.###.#
#.######÷### #.# #.#
#.).........
#.###.###.>#####....
#..........# #..###
#####.###.## #..)..
#.# #.# #..### #.#
#.# #..# #####.###.#
#..# #.o@).....#
#..# #.###o#####
#..# #.o)..# #..###
#..#### #..... #..#
#.#### #..# #.# #.o#
#.#### #..# #.†...
#..# ######


You could see an orc priest and an orc.

Vanquished Creatures
  An adder (D:2)
  A worm (D:2)
  2 leopard geckos
  3 orcs (D:2)
  A bat (D:2)
  2 giant cockroaches
  7 goblins
  4 hobgoblins
  5 jackals (D:2)
  2 quokkas (D:2)
  3 frilled lizards (D:2)
  2 kobolds
  10 rats
43 creatures vanquished.

Notes
Turn   | Place    | Note
-------+----------+-------------------------------------------
     0 | D:1      | Laiders72 the Draconian Fire Elementalist began the quest for the Orb.
     0 | D:1      | Reached XP level 1. HP: 14/14 MP: 3/3
   200 | D:1      | Reached XP level 2. HP: 20/20 MP: 3/5
   210 | D:1      | Learned a level 2 spell: Throw Flame
  1128 | D:2      | Reached XP level 3. HP: 25/26 MP: 0/6
  1835 | D:2      | HP: 1/26 [orc/hand axe (3)]
  1837 | D:2      | Slain by an orc

Vault maps used:
D:1:      dpeg_arrival_radiant

Skill      XL: |  1  2  3 |
---------------+----------+-----
Dodging        | 2 |  2.3
Conjurations   | 2 |  2.0
Stealth        | |  1.7
Shields        | |  0.7
Spellcasting   | |  2.5
Fire Magic     | |  3.4

Action                   || total
-------------------------++-------
Melee: Short sword       ||    63
       Tailslap          ||     4
 Cast: Flame Tongue      ||    37
       Throw Flame       ||    13
  Use: Scroll            ||     8
 Stab: Sleeping          ||     2
  Eat: Chunk             ||     4
Armor: Skin              ||    15
Dodge: Dodged            ||    42
Block: Buckler           ||    22

Table legend:
 A = Spawn XP
 B = Non-spawn XP
 C = Spawn XP percentage of total XP
 D = Spawn monster count
 E = Non-spawn monster count
 F = Spawn count percentage of total count
 G = Total turns spent on level
                    A         B        C        D         E        F      G
               +---------+---------+-------+---------+---------+-------+---------
         Total |       0 |      88 |   0.0 |       0 |      43 |   0.0 |  1837
               +---------+---------+-------+---------+---------+-------+---------
           D:1 |       0 |      25 |   0.0 |       0 |      17 |   0.0 |   942
           D:2 |       0 |      63 |   0.0 |       0 |      26 |   0.0 |   895
               +---------+---------+-------+---------+---------+-------+---------
